WCHLSIM.com - West Coast Hockey League
html PUBLIC "-//W3C//DTD XHTML 1.0 Transitional//EN" "http://www.w3.org/TR/xhtml1/DTD/xhtml1-transitional.dtd"> WCHL - Game 864 - SAN FRANCISCO SPIDERS vs SPOKANE KNIGHTS

SAN FRANCISCO SPIDERS vs SPOKANE KNIGHTS

Created - 19 février 2020 at 17:09

Goals
1 2 3 T
SAN FRANCISCO SPIDERS 1 0 0 1
SPOKANE KNIGHTS 4 1 3 8
Shots
1 2 3 T
SAN FRANCISCO SPIDERS 3 6 1 10
SPOKANE KNIGHTS 19 10 13 42

1st period

1. SPOKANE KNIGHTS , Kristopher Letang 13 (Anton Stralman 20, Sebastian Aho 62) at 2:30
2. SPOKANE KNIGHTS , Tomas Hertl 39 (Mikael Backlund 33, Braden Holtby) at 4:03 (PP)
3. SPOKANE KNIGHTS , Mikael Backlund 31 (Matthew Tkachuk 33, Patrick Kane 35) at 7:26
4. SAN FRANCISCO SPIDERS , Erik Haula 5 (Dominik Simon 18, Sean Walker 7) at 11:59
5. SPOKANE KNIGHTS , Blake Wheeler 27 (Sebastian Aho 63, Matthew Tkachuk 34) at 15:55 (PP)

Penalties :
Josh Leivo (SAF) for Roughing (Minor) at 3:05, Mikael Backlund (SPO) for Hooking (Minor) at 5:21, Zdeno Chara (SPO) for Hooking (Minor) at 9:53, Zdeno Chara (SPO) for Holding Stick (Minor) at 12:04, Seth Helgeson (SAF) for Hooking (Minor) at 15:03, Gabriel Bourque (SAF) for Roughing (Minor) at 17:12

2nd period

6. SPOKANE KNIGHTS , Tomas Hertl 40 (Sebastian Aho 64) at 13:47

Penalties :
Sebastian Aho (SPO) for Tripping (Minor) at 8:18

3rd period

7. SPOKANE KNIGHTS , Tomas Hertl 41 (Patrick Kane 36, Kristopher Letang 28) at 0:51 (PP)
8. SPOKANE KNIGHTS , Matthew Tkachuk 22 (Patrick Kane 37, Kristopher Letang 29) at 1:53
9. SPOKANE KNIGHTS , Sebastian Aho 36 (Blake Wheeler 46, Matthew Tkachuk 35) at 18:57 (PP)

Penalties :
Seth Helgeson (SAF) for Tripping (Minor) at 0:19, Zdeno Chara (SPO) for Hooking (Minor) at 9:29, Matt Hendricks (SAF) for Roughing (Double Minor) at 9:29, Seth Helgeson (SAF) for Roughing (Minor) at 18:38

Goalie Stats

Antti Niemi (SAF), 25 saves from 31 shots - (0,806), L, 6-11-2, 40:51 minutes
Jimmy Howard (SAF), 9 saves from 11 shots - (0,818), 19:09 minutes
Braden Holtby (SPO), 9 saves from 10 shots - (0,900), W, 38-9-2, 60:00 minutes

Players Stats for SAN FRANCISCO SPIDERS

Player Name              G  A  P  +/- PIM S  H  SB GA TA FO     MP     PP MP  PK MP  
------------------------------------------------------------------------------------
Andrei Svechnikov        0  0  0  -1  0   1  0  0  0  0  0/0    13:50   0:00   0:29 
Calle Jarnkrok           0  0  0  -1  0   2  0  0  0  0  5/11   19:09   4:08   4:23 
Chad Krys                0  0  0  -1  0   0  0  1  0  0  0/0    13:37   0:34   1:19 
Danton Heinen            0  0  0   0  0   1  0  2  0  0  0/2    12:25   0:00   0:38 
David Sklenicka          0  0  0  -1  0   0  0  0  0  0  0/0    21:04   4:02   2:08 
Dominik Simon            0  1  1  -2  0   3  1  1  0  0  0/0    12:02   0:00   0:12 
Erik Haula               1  0  1  -1  0   3  0  0  0  0  7/20   16:20   3:48   1:52 
Gabriel Bourque          0  0  0  -1  2   0  0  0  0  0  1/2    16:24   3:36   0:30 
Josh Leivo               0  0  0   0  2   0  0  1  0  0  0/2    12:57   0:00   3:53 
Mark Alt                 0  0  0   0  0   0  5  0  0  0  0/0    16:37   0:00   0:18 
Matt Hendricks           0  0  0  -2  4   0  2  0  0  0  1/1    12:18   0:00   1:06 
Milan Lucic              0  0  0   0  0   0  1  0  0  0  0/0    15:41   4:02   0:35 
Sean Walker              0  1  1  -1  0   0  0  0  0  0  0/0    22:43   3:20   3:25 
Seth Helgeson            0  0  0  -2  6   0  4  0  0  0  0/0    20:37   4:36   1:38 
Sven Andrighetto         0  0  0   0  0   0  0  0  0  0  5/10   14:40   4:08   0:00 
Taylor Leier             0  0  0   0  0   0  0  0  0  0  2/8    12:05   0:18   0:00 
Tomas Plekanec           0  0  0  -1  0   0  0  0  0  0  11/18  16:55   3:48   0:35 
Tyler Wotherspoon        0  0  0  -1  0   0  4  1  0  0  0/0    21:51   3:20   3:39 

Players Stats for SPOKANE KNIGHTS

Player Name              G  A  P  +/- PIM S  H  SB GA TA FO     MP     PP MP  PK MP  
------------------------------------------------------------------------------------
Alex Tuch                0  0  0   0  0   7  1  0  0  0  1/2    19:13   0:00   3:41 
Anton Stralman           0  1  1   3  0   0  0  1  0  0  0/0    22:28   3:05   4:09 
Blake Wheeler            1  1  2   1  0   5  3  0  0  0  0/0    17:56   3:22   0:00 
Cale Makar               0  0  0   0  0   0  0  0  0  0  0/0    17:24   3:35   0:01 
Dustin Byfuglien         0  0  0   0  0   1  2  0  0  0  0/0    20:59   3:05   2:11 
Kristopher Letang        1  2  3   3  0   1  1  2  0  0  0/0    23:15   3:35   3:47 
Marcus Kruger            0  0  0   0  0   0  0  0  0  0  0/1     1:47   0:00   0:00 
Matthew Tkachuk          1  3  4   2  0   5  3  0  0  0  1/1    17:44   3:22   0:00 
Mikael Backlund          1  1  2   2  2   3  2  0  0  0  14/18  20:20   3:18   2:41 
Patrick Kane             0  3  3   2  0   3  0  0  0  0  1/4    17:40   3:18   0:00 
Phillip Danault          0  0  0   0  0   1  1  0  0  0  12/22  19:03   0:00   4:15 
Sebastian Aho            1  3  4   1  2   10 1  0  0  0  11/22  18:12   3:22   0:24 
Tomas Hertl              3  0  3   1  0   3  3  0  0  0  2/3    17:45   3:18   0:00 
Tyler Pitlick            0  0  0   0  0   0  0  0  0  0  0/0     0:36   0:00   0:36 
Valentin Zykov           0  0  0   0  0   0  0  0  0  0  0/0     1:47   0:00   0:00 
Victor Hedman            0  0  0   0  0   0  1  0  0  0  0/0    20:08   0:00   3:46 
Vincent Trocheck         0  0  0   0  0   2  4  0  0  0  0/1    18:00   0:00   4:15 
Zdeno Chara              0  0  0   0  6   1  1  1  0  0  0/0    15:43   0:00   1:58 

3 Stars

1 - Tomas Hertl (SPO)
2 - Matthew Tkachuk (SPO)
3 - Kristopher Letang (SPO)

Power Play

SAN FRANCISCO SPIDERS - 0 on 4 Attempt(s) - 0,00%
SPOKANE KNIGHTS - 4 on 6 Attempt(s) - 66,67%

Penalty Kill

SAN FRANCISCO SPIDERS - 2 on 6 Attempt(s) - 33,33% - Score 0 goal in Penalty Kill
SPOKANE KNIGHTS - 4 on 4 Attempt(s) - 100,00% - Score 0 goal in Penalty Kill

Team Stat

SAN FRANCISCO SPIDERS - Hits : 17 - Faceoff Wins : 32 - Blocked Shots : 6 - Penalty Minutes : 14
SPOKANE KNIGHTS - Hits : 23 - Faceoff Wins : 42 - Blocked Shots : 4 - Penalty Minutes : 10

Official

Referees : Furman South and Francois StLaurent
Linesman : Jud Ritter and Paul Carnathan

Game Notes

Tomas Hertl has scored a Hat Trick!
Jimmy Howard enters game at 0:51 of 3rd period

Finance

Level 1 -- Attendance: 7817 (93,62%) -- Ticket Income 992 759 $
Level 2 -- Attendance: 5587 (91,59%) -- Ticket Income 480 482 $
Level 3 -- Attendance: 2400 (100,00%) -- Ticket Income 144 000 $
Level 4 -- Attendance: 6000 (100,00%) -- Ticket Income 234 000 $
Luxury Box -- Attendance: 1150 (100,00%) -- Ticket Income 293 250 $
Total Attendance: 22954 (95,64%)
Total Ticket Income: 2 144 491 $
Other Income: 643 347 $
Total Income: 2 787 838 $

SAN FRANCISCO SPIDERS

5 vs 5 Forward 
   Center                   Left Wing                Right Wing               Time % Phy DF OF 
 1 Sven Andrighetto         Calle Jarnkrok           Josh Leivo               25     1   4  0  
 2 Taylor Leier             Milan Lucic              Danton Heinen            25     1   4  0  
 3 Tomas Plekanec           Gabriel Bourque          Andrei Svechnikov        25     1   4  0  
 4 Erik Haula               Matt Hendricks           Dominik Simon            25     1   4  0  

5 vs 5 Defense 
   Defense                  Defense                                           Time % Phy DF OF 
 1 Seth Helgeson            Chad Krys                                         30     1   4  0  
 2 Sean Walker              Tyler Wotherspoon                                 30     1   4  0  
 3 Mark Alt                 David Sklenicka                                   30     1   4  0  
 4 Seth Helgeson            Sean Walker                                       10     1   4  0  

PowerPlay Forward 
   Center                   Left Wing                Right Wing               Time % Phy DF OF 
 1 Tomas Plekanec           Erik Haula               Gabriel Bourque          55     1   4  0  
 2 Calle Jarnkrok           Sven Andrighetto         Milan Lucic              45     1   4  0  

PowerPlay Defense
   Defense                  Defense                                           Time % Phy DF OF 
 1 David Sklenicka          Seth Helgeson                                     55     1   4  0  
 2 Sean Walker              Tyler Wotherspoon                                 45     1   4  0  

Penalty Kill 4 Players Forward 
   Center                   Wing                     Time % Phy DF OF 
 1 Calle Jarnkrok           Josh Leivo               55     1   4  0  
 2 Gabriel Bourque          Erik Haula               45     1   4  0  

Penalty Kill 4 Players Defense
   Defense                  Defense                  Time % Phy DF OF 
 1 David Sklenicka          Seth Helgeson            55     1   4  0  
 2 Sean Walker              Tyler Wotherspoon        45     1   4  0  

Penalty Kill - 3 Players Forward 
   Forward                                           Time % Phy DF OF 
 1 Gabriel Bourque                                   55     1   4  0  
 2 Josh Leivo                                        45     1   4  0  

Penalty Kill - 3 Players Defense
   Defense                  Defense                  Time % Phy DF OF 
 1 Seth Helgeson            David Sklenicka          55     1   4  0  
 2 Sean Walker              Tyler Wotherspoon        45     1   4  0  

4 vs 4 Forward 
   Center                   Wing                     Time % Phy DF OF 
 1 Milan Lucic              Sven Andrighetto         55     1   4  0  
 2 Tomas Plekanec           Gabriel Bourque          45     1   4  0  

4 vs 4 Defense
   Defense                  Defense                  Time % Phy DF OF 
 1 Seth Helgeson            David Sklenicka          55     1   4  0  
 2 Sean Walker              Tyler Wotherspoon        45     1   4  0  

Last Minutes Offensive
   Center                   Left Wing                Right Wing               Defense                  Defense                  
   Erik Haula               Milan Lucic              Gabriel Bourque          Chad Krys                Mark Alt                 

Last Minutes Defensive
   Center                   Left Wing                Right Wing               Defense                  Defense                  
   Calle Jarnkrok           Sven Andrighetto         Josh Leivo               Chad Krys                Mark Alt                 

Goaltenders
Starting : Antti Niemi              
Backup : Jimmy Howard             

Extra Forwards
Normal : Sven Andrighetto, Tomas Plekanec, Gabriel Bourque - PP : Gabriel Bourque, Taylor Leier - PK : Gabriel Bourque
Extra Defensemen
Normal : Seth Helgeson, David Sklenicka, Sean Walker - PP : Seth Helgeson - PK : David Sklenicka, Sean Walker
Penalty Shots
Sven Andrighetto, Tomas Plekanec, Gabriel Bourque, Taylor Leier, Erik Haula
Custom OT Lines Forwards
Milan Lucic, Taylor Leier, Sven Andrighetto, Josh Leivo, Andrei Svechnikov, Danton Heinen, Calle Jarnkrok, Gabriel Bourque, Tomas Plekanec, Erik Haula
Custom OT Lines Defensemen
Mark Alt, David Sklenicka, Sean Walker, Tyler Wotherspoon, Seth Helgeson

Scratches
Alexander Kerfoot (Sore Right Knee Injury), Karl Alzner (Torn Left Knee Ligaments Injury), Andrew O'Brien (Healthy), Stefan LeBlanc (Healthy), David Schlemko (Separated Right Shoulder Injury)
Jake Horton (Healthy), Jake Lucchini (Healthy), Jesse Graham (Healthy), Nico Sturm (Right Leg Injury), Tyler Myers (Sore Left Knee Injury)
Samuel Kurker (Healthy), Ryan McGregor (Healthy), Zach Frye (Healthy), Eddie Lack (Exhaustion)

SPOKANE KNIGHTS

5 vs 5 Forward 
   Center                   Left Wing                Right Wing               Time % Phy DF OF 
 1 Sebastian Aho            Tomas Hertl              Blake Wheeler            32     1   2  2  
 2 Mikael Backlund          Matthew Tkachuk          Patrick Kane             32     1   2  2  
 3 Phillip Danault          Vincent Trocheck         Alex Tuch                29     1   2  2  
 4 Marcus Kruger            Valentin Zykov           Alex Tuch                7      1   2  2  

5 vs 5 Defense 
   Defense                  Defense                                           Time % Phy DF OF 
 1 Anton Stralman           Kristopher Letang                                 35     1   2  2  
 2 Victor Hedman            Dustin Byfuglien                                  35     1   2  2  
 3 Cale Makar               Zdeno Chara                                       15     1   2  2  
 4 Cale Makar               Zdeno Chara                                       15     1   2  2  

PowerPlay Forward 
   Center                   Left Wing                Right Wing               Time % Phy DF OF 
 1 Sebastian Aho            Matthew Tkachuk          Blake Wheeler            60     1   1  3  
 2 Mikael Backlund          Tomas Hertl              Patrick Kane             40     1   1  3  

PowerPlay Defense
   Defense                  Defense                                           Time % Phy DF OF 
 1 Cale Makar               Kristopher Letang                                 60     1   1  3  
 2 Dustin Byfuglien         Anton Stralman                                    40     1   1  3  

Penalty Kill 4 Players Forward 
   Center                   Wing                     Time % Phy DF OF 
 1 Phillip Danault          Vincent Trocheck         55     1   3  1  
 2 Mikael Backlund          Alex Tuch                45     1   3  1  

Penalty Kill 4 Players Defense
   Defense                  Defense                  Time % Phy DF OF 
 1 Zdeno Chara              Anton Stralman           60     1   3  1  
 2 Kristopher Letang        Victor Hedman            40     1   3  1  

Penalty Kill - 3 Players Forward 
   Forward                                           Time % Phy DF OF 
 1 Phillip Danault                                   60     0   5  0  
 2 Sebastian Aho                                     40     0   5  0  

Penalty Kill - 3 Players Defense
   Defense                  Defense                  Time % Phy DF OF 
 1 Kristopher Letang        Victor Hedman            60     0   5  0  
 2 Anton Stralman           Zdeno Chara              40     0   5  0  

4 vs 4 Forward 
   Center                   Wing                     Time % Phy DF OF 
 1 Sebastian Aho            Tomas Hertl              50     1   2  2  
 2 Phillip Danault          Blake Wheeler            50     1   2  2  

4 vs 4 Defense
   Defense                  Defense                  Time % Phy DF OF 
 1 Kristopher Letang        Victor Hedman            60     1   2  2  
 2 Anton Stralman           Dustin Byfuglien         40     1   2  2  

Last Minutes Offensive
   Center                   Left Wing                Right Wing               Defense                  Defense                  
   Sebastian Aho            Tomas Hertl              Blake Wheeler            Kristopher Letang        Victor Hedman            

Last Minutes Defensive
   Center                   Left Wing                Right Wing               Defense                  Defense                  
   Phillip Danault          Tomas Hertl              Blake Wheeler            Kristopher Letang        Victor Hedman            

Goaltenders
Starting : Braden Holtby            
Backup : Branden Komm             

Extra Forwards
Normal : Vincent Trocheck, Blake Wheeler, Matthew Tkachuk - PP : Vincent Trocheck, Phillip Danault - PK : Tyler Pitlick
Extra Defensemen
Normal : Cale Makar, Zdeno Chara, Anton Stralman - PP : Cale Makar - PK : Dustin Byfuglien, Cale Makar
Penalty Shots
Matthew Tkachuk, Patrick Kane, Tomas Hertl, Sebastian Aho, Blake Wheeler
Custom OT Lines Forwards
Sebastian Aho, Tomas Hertl, Phillip Danault, Blake Wheeler, Patrick Kane, Matthew Tkachuk, Mikael Backlund, Vincent Trocheck, Alex Tuch, Tyler Pitlick
Custom OT Lines Defensemen
Kristopher Letang, Victor Hedman, Anton Stralman, Dustin Byfuglien, Cale Makar

Scratches
None


% Time on Ice - SAN FRANCISCO SPIDERS

Lines # - Real PCT - Wanted PCT - Time Play
Normal Forward
1 - 20% - 25% - 8:49
2 - 27% - 25% - 11:47
3 - 28% - 25% - 12:19
4 - 24% - 25% - 10:30
Normal Defense
1 - 24% - 30% - 10:17
2 - 36% - 30% - 15:40
3 - 36% - 30% - 15:40
4 - 4% - 10% - 1:48
PP Forward
1 - 48% - 55% - 3:48
2 - 52% - 45% - 4:08
PP Defense
1 - 58% - 55% - 4:36
2 - 42% - 45% - 3:20
PK Forward
1 - 77% - 55% - 5:06
2 - 24% - 45% - 1:34
PK Defense
1 - 29% - 55% - 1:57
2 - 71% - 45% - 4:43
PK3 Forward
1 - 0% - 55%
2 - 0% - 45%
PK3 Defense
1 - 0% - 55%
2 - 0% - 45%
44 Forward
1 - 100% - 55% - 1:59
2 - 0% - 45% - 0:00
44 Defense
1 - 87% - 55% - 1:43
2 - 13% - 45% - 0:16
Last Minute Offensive  - 0:00
Last Minute Defensive  - 0:00
Total
Forward - 60:00
Defense - 60:00

% Time on Ice - SPOKANE KNIGHTS

Lines # - Real PCT - Wanted PCT - Time Play
Normal Forward
1 - 31% - 32% - 13:31
2 - 33% - 32% - 14:22
3 - 32% - 29% - 13:45
4 - 4% - 7% - 1:47
Normal Defense
1 - 33% - 35% - 14:11
2 - 36% - 35% - 15:26
3 - 17% - 15% - 7:15
4 - 15% - 15% - 6:33
PP Forward
1 - 51% - 60% - 3:22
2 - 50% - 40% - 3:18
PP Defense
1 - 54% - 60% - 3:35
2 - 46% - 40% - 3:05
PK Forward
1 - 54% - 55% - 4:15
2 - 46% - 45% - 3:41
PK Defense
1 - 53% - 60% - 4:10
2 - 47% - 40% - 3:46
PK3 Forward
1 - 0% - 60%
2 - 0% - 40%
PK3 Defense
1 - 0% - 60%
2 - 0% - 40%
44 Forward
1 - 47% - 50% - 0:56
2 - 53% - 50% - 1:03
44 Defense
1 - 47% - 60% - 0:56
2 - 53% - 40% - 1:03
Last Minute Offensive  - 0:00
Last Minute Defensive  - 0:00
Total
Forward - 60:00
Defense - 60:00

Play-by-Play

1st period


0:01 of 1st period - Sven Andrighetto wins face-off versus Sebastian Aho in neutral zone.
0:23 of 1st period - Shot by Sebastian Aho.
0:23 of 1st period - Stopped by Antti Niemi without a rebound.
0:24 of 1st period - Mikael Backlund wins face-off versus Taylor Leier in SAN FRANCISCO SPIDERS zone.
0:35 of 1st period - Milan Lucic is hit by Matthew Tkachuk and loses puck.
1:42 of 1st period - Shot by Vincent Trocheck.
1:42 of 1st period - Stopped by Antti Niemi without a rebound.
1:43 of 1st period - Tomas Plekanec wins face-off versus Tomas Hertl in SAN FRANCISCO SPIDERS zone.
1:43 of 1st period - Tomas Plekanec is hit by Tomas Hertl.
2:13 of 1st period - Tomas Hertl is hit by Mark Alt and loses puck.
2:26 of 1st period - Shot by Sebastian Aho.
2:26 of 1st period - Stopped by Antti Niemi with a rebound.
2:28 of 1st period - Shot by Anton Stralman.
2:28 of 1st period - Shot Misses the Net.
2:30 of 1st period - Shot by Kristopher Letang.
2:30 of 1st period - Goal by Kristopher Letang - SAN FRANCISCO SPIDERS : 0 - SPOKANE KNIGHTS : 1.
2:31 of 1st period - Phillip Danault wins face-off versus Erik Haula in neutral zone.
2:31 of 1st period - Phillip Danault is hit by Matt Hendricks.
2:35 of 1st period - Shot by Alex Tuch.
2:35 of 1st period - Shot Misses the Net.
2:45 of 1st period - Shot by Alex Tuch.
2:45 of 1st period - Stopped by Antti Niemi without a rebound.
2:46 of 1st period - Sven Andrighetto wins face-off versus Patrick Kane in SAN FRANCISCO SPIDERS zone.
2:46 of 1st period - Sven Andrighetto is hit by Matthew Tkachuk.
3:05 of 1st period - Minor Penalty to Josh Leivo for Roughing.
3:06 of 1st period - Calle Jarnkrok wins face-off versus Sebastian Aho in SAN FRANCISCO SPIDERS zone.
3:27 of 1st period - Shot by Sebastian Aho.
3:27 of 1st period - Stopped by Antti Niemi without a rebound.
3:28 of 1st period - Mikael Backlund wins face-off versus Gabriel Bourque in SAN FRANCISCO SPIDERS zone.
4:03 of 1st period - Shot by Tomas Hertl.
4:03 of 1st period - Goal by Tomas Hertl - SAN FRANCISCO SPIDERS : 0 - SPOKANE KNIGHTS : 2.
4:04 of 1st period - Phillip Danault wins face-off versus Taylor Leier in neutral zone.
4:09 of 1st period - Shot by Phillip Danault.
4:09 of 1st period - Shot Misses the Net.
4:11 of 1st period - Shot by Zdeno Chara.
4:11 of 1st period - Shot Misses the Net.
4:13 of 1st period - Shot by Alex Tuch.
4:13 of 1st period - Stopped by Antti Niemi with a rebound.
4:15 of 1st period - Shot by Phillip Danault.
4:15 of 1st period - Deflect By Alex Tuch.
4:15 of 1st period - Shot Misses the Net.
4:26 of 1st period - Icing by Milan Lucic.
4:27 of 1st period - Sebastian Aho wins face-off versus Taylor Leier in SAN FRANCISCO SPIDERS zone.
4:38 of 1st period - Shot by Sebastian Aho.
4:38 of 1st period - Shot Misses the Net.
5:14 of 1st period - Shot by Sebastian Aho.
5:14 of 1st period - Stopped by Antti Niemi with a rebound.
5:21 of 1st period - Minor Penalty to Mikael Backlund for Hooking.
5:22 of 1st period - Tomas Plekanec wins face-off versus Phillip Danault in SPOKANE KNIGHTS zone.
5:23 of 1st period - Shot by Erik Haula.
5:23 of 1st period - Stopped by Braden Holtby without a rebound.
5:24 of 1st period - Tomas Plekanec wins face-off versus Phillip Danault in SPOKANE KNIGHTS zone.
5:47 of 1st period - Shot by Erik Haula.
5:47 of 1st period - Shot Misses the Net.
5:49 of 1st period - Shot by Gabriel Bourque.
5:49 of 1st period - Shot Blocked by Zdeno Chara.
7:22 of 1st period - Shot by Patrick Kane.
7:22 of 1st period - Shot Hit the Post.
7:26 of 1st period - Shot by Mikael Backlund.
7:26 of 1st period - Goal by Mikael Backlund - SAN FRANCISCO SPIDERS : 0 - SPOKANE KNIGHTS : 3.
7:27 of 1st period - Mikael Backlund wins face-off versus Erik Haula in neutral zone.
7:52 of 1st period - Shot by Matthew Tkachuk.
7:52 of 1st period - Stopped by Antti Niemi without a rebound.
7:53 of 1st period - Sebastian Aho wins face-off versus Sven Andrighetto in SAN FRANCISCO SPIDERS zone.
8:23 of 1st period - Shot by Sebastian Aho.
8:23 of 1st period - Stopped by Antti Niemi without a rebound.
8:24 of 1st period - Taylor Leier wins face-off versus Phillip Danault in SAN FRANCISCO SPIDERS zone.
8:44 of 1st period - Alex Tuch is hit by Seth Helgeson and loses puck.
8:57 of 1st period - Shot by Alex Tuch.
8:57 of 1st period - Shot Misses the Net.
9:03 of 1st period - Shot by Vincent Trocheck.
9:03 of 1st period - Stopped by Antti Niemi without a rebound.
9:04 of 1st period - Tomas Plekanec wins face-off versus Patrick Kane in SAN FRANCISCO SPIDERS zone.
9:09 of 1st period - Shot by Andrei Svechnikov.
9:09 of 1st period - Shot Blocked by Anton Stralman.
9:45 of 1st period - Shot by Matthew Tkachuk.
9:45 of 1st period - Stopped by Antti Niemi without a rebound.
9:46 of 1st period - Erik Haula wins face-off versus Phillip Danault in SAN FRANCISCO SPIDERS zone.
9:46 of 1st period - Erik Haula is hit by Phillip Danault.
9:53 of 1st period - Minor Penalty to Zdeno Chara for Hooking.
9:54 of 1st period - Phillip Danault wins face-off versus Calle Jarnkrok in SPOKANE KNIGHTS zone.
11:59 of 1st period - Shot by Erik Haula.
11:59 of 1st period - Goal by Erik Haula - SAN FRANCISCO SPIDERS : 1 - SPOKANE KNIGHTS : 3.
12:00 of 1st period - Erik Haula wins face-off versus Sebastian Aho in neutral zone.
12:00 of 1st period - Dominik Simon is hit by Blake Wheeler and loses puck.
12:04 of 1st period - Minor Penalty to Zdeno Chara for Holding Stick.
12:05 of 1st period - Mikael Backlund wins face-off versus Tomas Plekanec in SPOKANE KNIGHTS zone.
13:07 of 1st period - Milan Lucic is hit by Alex Tuch and loses puck.
13:35 of 1st period - Off-side.
13:36 of 1st period - Phillip Danault wins face-off versus Tomas Plekanec in neutral zone.
14:05 of 1st period - Off-side.
14:06 of 1st period - Erik Haula wins face-off versus Patrick Kane in neutral zone.
14:06 of 1st period - Dominik Simon is hit by Mikael Backlund and loses puck.
14:17 of 1st period - Dominik Simon is hit by Zdeno Chara and loses puck.
14:20 of 1st period - Shot by Dominik Simon.
14:20 of 1st period - Stopped by Braden Holtby without a rebound.
14:21 of 1st period - Sebastian Aho wins face-off versus Taylor Leier in SPOKANE KNIGHTS zone.
15:02 of 1st period - Shot by Blake Wheeler.
15:02 of 1st period - Shot Misses the Net.
15:03 of 1st period - Minor Penalty to Seth Helgeson for Hooking.
15:04 of 1st period - Mikael Backlund wins face-off versus Calle Jarnkrok in SAN FRANCISCO SPIDERS zone.
15:19 of 1st period - Shot by Mikael Backlund.
15:19 of 1st period - Stopped by Antti Niemi without a rebound.
15:20 of 1st period - Calle Jarnkrok wins face-off versus Sebastian Aho in SAN FRANCISCO SPIDERS zone.
15:31 of 1st period - Shot by Blake Wheeler.
15:31 of 1st period - Deflect By Sebastian Aho.
15:31 of 1st period - Shot Misses the Net.
15:33 of 1st period - Shot by Matthew Tkachuk.
15:33 of 1st period - Shot Misses the Net.
15:55 of 1st period - Shot by Blake Wheeler.
15:55 of 1st period - Goal by Blake Wheeler - SAN FRANCISCO SPIDERS : 1 - SPOKANE KNIGHTS : 4.
15:56 of 1st period - Tomas Plekanec wins face-off versus Phillip Danault in neutral zone.
15:56 of 1st period - Tomas Plekanec is hit by Vincent Trocheck.
16:32 of 1st period - Andrei Svechnikov is hit by Dustin Byfuglien and loses puck.
16:42 of 1st period - Phillip Danault is hit by Mark Alt and loses puck.
17:12 of 1st period - Minor Penalty to Gabriel Bourque for Roughing.
17:13 of 1st period - Sebastian Aho wins face-off versus Josh Leivo in SAN FRANCISCO SPIDERS zone.
17:16 of 1st period - Shot by Blake Wheeler.
17:16 of 1st period - Stopped by Antti Niemi with a rebound.
18:25 of 1st period - Shot by Mikael Backlund.
18:25 of 1st period - Shot Misses the Net.
18:27 of 1st period - Shot by Mikael Backlund.
18:27 of 1st period - Stopped by Antti Niemi without a rebound.
18:28 of 1st period - Matt Hendricks wins face-off versus Mikael Backlund in SAN FRANCISCO SPIDERS zone.
18:37 of 1st period - Josh Leivo is hit by Mikael Backlund and loses puck.
19:26 of 1st period - Shot by Phillip Danault.
19:26 of 1st period - Stopped by Antti Niemi without a rebound.
19:27 of 1st period - Erik Haula wins face-off versus Alex Tuch in SAN FRANCISCO SPIDERS zone.
19:32 of 1st period - Alex Tuch is hit by Dominik Simon and loses puck.
19:59 of 1st period - Shot by Alex Tuch.
19:59 of 1st period - Shot Misses the Net.
Goals for this period are 1 for SAN FRANCISCO SPIDERS vs 4 for SPOKANE KNIGHTS.
Shots for this period are 3 for SAN FRANCISCO SPIDERS vs 19 for SPOKANE KNIGHTS.

2nd period


0:01 of 2nd period - Mikael Backlund wins face-off versus Sven Andrighetto in neutral zone.
0:06 of 2nd period - Shot by Patrick Kane.
0:06 of 2nd period - Shot Misses the Net.
0:34 of 2nd period - Shot by Matthew Tkachuk.
0:34 of 2nd period - Stopped by Antti Niemi without a rebound.
0:35 of 2nd period - Sebastian Aho wins face-off versus Erik Haula in SAN FRANCISCO SPIDERS zone.
0:45 of 2nd period - Icing by Sean Walker.
0:46 of 2nd period - Phillip Danault wins face-off versus Erik Haula in SAN FRANCISCO SPIDERS zone.
1:00 of 2nd period - Icing by Sean Walker.
1:01 of 2nd period - Mikael Backlund wins face-off versus Erik Haula in SAN FRANCISCO SPIDERS zone.
1:14 of 2nd period - Shot by Patrick Kane.
1:14 of 2nd period - Deflect By Matthew Tkachuk.
1:14 of 2nd period - Shot Misses the Net.
1:22 of 2nd period - Shot by Erik Haula.
1:22 of 2nd period - Stopped by Braden Holtby without a rebound.
1:23 of 2nd period - Sven Andrighetto wins face-off versus Sebastian Aho in SPOKANE KNIGHTS zone.
1:23 of 2nd period - Sven Andrighetto is hit by Dustin Byfuglien.
1:25 of 2nd period - Shot by Calle Jarnkrok.
1:25 of 2nd period - Stopped by Braden Holtby with a rebound.
1:48 of 2nd period - Josh Leivo is hit by Victor Hedman and loses puck.
2:10 of 2nd period - Calle Jarnkrok is hit by Blake Wheeler and loses puck.
2:24 of 2nd period - Josh Leivo is hit by Vincent Trocheck.
2:51 of 2nd period - Shot by Alex Tuch.
2:51 of 2nd period - Stopped by Antti Niemi without a rebound.
2:52 of 2nd period - Erik Haula wins face-off versus Mikael Backlund in SAN FRANCISCO SPIDERS zone.
3:24 of 2nd period - Shot by Dominik Simon.
3:24 of 2nd period - Stopped by Braden Holtby with a rebound.
3:26 of 2nd period - Shot by Dominik Simon.
3:26 of 2nd period - Stopped by Braden Holtby without a rebound.
3:27 of 2nd period - Tomas Plekanec wins face-off versus Phillip Danault in SPOKANE KNIGHTS zone.
3:28 of 2nd period - Shot by Andrei Svechnikov.
3:28 of 2nd period - Stopped by Braden Holtby without a rebound.
3:29 of 2nd period - Gabriel Bourque wins face-off versus Phillip Danault in SPOKANE KNIGHTS zone.
4:34 of 2nd period - Danton Heinen is hit by Matthew Tkachuk and loses puck.
4:55 of 2nd period - Icing by David Sklenicka.
4:56 of 2nd period - Tomas Hertl wins face-off versus Danton Heinen in SAN FRANCISCO SPIDERS zone.
5:03 of 2nd period - Shot by Blake Wheeler.
5:03 of 2nd period - Stopped by Antti Niemi without a rebound.
5:04 of 2nd period - Sven Andrighetto wins face-off versus Sebastian Aho in SAN FRANCISCO SPIDERS zone.
5:04 of 2nd period - Sven Andrighetto is hit by Tomas Hertl.
5:07 of 2nd period - Josh Leivo is hit by Sebastian Aho and loses puck.
6:09 of 2nd period - Calle Jarnkrok is hit by Kristopher Letang and loses puck.
7:07 of 2nd period - Icing by Andrei Svechnikov.
7:08 of 2nd period - Phillip Danault wins face-off versus Tomas Plekanec in SAN FRANCISCO SPIDERS zone.
7:44 of 2nd period - Gabriel Bourque is hit by Vincent Trocheck and loses puck.
8:18 of 2nd period - Minor Penalty to Sebastian Aho for Tripping.
8:19 of 2nd period - Calle Jarnkrok wins face-off versus Phillip Danault in SPOKANE KNIGHTS zone.
8:24 of 2nd period - Shot by Calle Jarnkrok.
8:24 of 2nd period - Stopped by Braden Holtby without a rebound.
8:25 of 2nd period - Mikael Backlund wins face-off versus Calle Jarnkrok in SPOKANE KNIGHTS zone.
9:22 of 2nd period - Shot by Victor Hedman.
9:22 of 2nd period - Shot Misses the Net.
9:25 of 2nd period - Icing by Sean Walker.
9:26 of 2nd period - Tomas Plekanec wins face-off versus Phillip Danault in SAN FRANCISCO SPIDERS zone.
10:44 of 2nd period - Shot by Tomas Hertl.
10:44 of 2nd period - Shot Misses the Net.
10:46 of 2nd period - Shot by Zdeno Chara.
10:46 of 2nd period - Stopped by Antti Niemi without a rebound.
10:47 of 2nd period - Mikael Backlund wins face-off versus Taylor Leier in SAN FRANCISCO SPIDERS zone.
12:02 of 2nd period - Shot by Sebastian Aho.
12:02 of 2nd period - Stopped by Antti Niemi without a rebound.
12:03 of 2nd period - Phillip Danault wins face-off versus Sven Andrighetto in SAN FRANCISCO SPIDERS zone.
12:07 of 2nd period - Vincent Trocheck is hit by Mark Alt and loses puck.
12:41 of 2nd period - Phillip Danault is hit by Mark Alt.
13:47 of 2nd period - Shot by Sebastian Aho.
13:47 of 2nd period - Deflect By Tomas Hertl.
13:47 of 2nd period - Goal by Tomas Hertl - SAN FRANCISCO SPIDERS : 1 - SPOKANE KNIGHTS : 5.
13:48 of 2nd period - Mikael Backlund wins face-off versus Tomas Plekanec in neutral zone.
14:10 of 2nd period - Mikael Backlund is hit by Tyler Wotherspoon and loses puck.
14:30 of 2nd period - Icing by Tyler Wotherspoon.
14:31 of 2nd period - Sebastian Aho wins face-off versus Tomas Plekanec in SAN FRANCISCO SPIDERS zone.
14:36 of 2nd period - Shot by Tomas Hertl.
14:36 of 2nd period - Shot Blocked by Tyler Wotherspoon.
16:15 of 2nd period - Off-side.
16:16 of 2nd period - Alex Tuch wins face-off versus Erik Haula in neutral zone.
16:16 of 2nd period - Alex Tuch is hit by Matt Hendricks.
16:55 of 2nd period - Shot by Alex Tuch.
16:55 of 2nd period - Stopped by Antti Niemi with a rebound.
17:16 of 2nd period - Off-side.
17:17 of 2nd period - Patrick Kane wins face-off versus Taylor Leier in neutral zone.
17:26 of 2nd period - Shot by Matthew Tkachuk.
17:26 of 2nd period - Shot Misses the Net.
17:28 of 2nd period - Shot by Dustin Byfuglien.
17:28 of 2nd period - Stopped by Antti Niemi without a rebound.
17:29 of 2nd period - Tomas Plekanec wins face-off versus Sebastian Aho in SAN FRANCISCO SPIDERS zone.
17:50 of 2nd period - Shot by Andrei Svechnikov.
17:50 of 2nd period - Shot Misses the Net.
18:14 of 2nd period - Off-side.
18:15 of 2nd period - Mikael Backlund wins face-off versus Josh Leivo in neutral zone.
18:19 of 2nd period - Shot by Matthew Tkachuk.
18:19 of 2nd period - Stopped by Antti Niemi with a rebound.
19:56 of 2nd period - Shot by Alex Tuch.
19:56 of 2nd period - Stopped by Antti Niemi without a rebound.
19:57 of 2nd period - Erik Haula wins face-off versus Sebastian Aho in SAN FRANCISCO SPIDERS zone.
Goals for this period are 0 for SAN FRANCISCO SPIDERS vs 1 for SPOKANE KNIGHTS.
Shots for this period are 6 for SAN FRANCISCO SPIDERS vs 10 for SPOKANE KNIGHTS.

3rd period


0:01 of 3rd period - Tomas Hertl wins face-off versus Erik Haula in neutral zone.
0:19 of 3rd period - Minor Penalty to Seth Helgeson for Tripping.
0:20 of 3rd period - Mikael Backlund wins face-off versus Calle Jarnkrok in SAN FRANCISCO SPIDERS zone.
0:21 of 3rd period - Shot by Tomas Hertl.
0:21 of 3rd period - Shot Blocked by Josh Leivo.
0:41 of 3rd period - Shot by Cale Makar.
0:41 of 3rd period - Shot Misses the Net.
0:43 of 3rd period - Shot by Mikael Backlund.
0:43 of 3rd period - Shot Misses the Net.
0:45 of 3rd period - Shot by Kristopher Letang.
0:45 of 3rd period - Shot Misses the Net.
0:49 of 3rd period - Shot by Patrick Kane.
0:49 of 3rd period - Stopped by Antti Niemi with a rebound.
0:51 of 3rd period - Shot by Tomas Hertl.
0:51 of 3rd period - Goal by Tomas Hertl - SAN FRANCISCO SPIDERS : 1 - SPOKANE KNIGHTS : 6.
0:51 of 3rd period - Jimmy Howard enters game.
0:52 of 3rd period - Phillip Danault wins face-off versus Erik Haula in neutral zone.
1:03 of 3rd period - Shot by Alex Tuch.
1:03 of 3rd period - Stopped by Jimmy Howard without a rebound.
1:04 of 3rd period - Taylor Leier wins face-off versus Marcus Kruger in SAN FRANCISCO SPIDERS zone.
1:43 of 3rd period - Shot by Alex Tuch.
1:43 of 3rd period - Stopped by Jimmy Howard without a rebound.
1:44 of 3rd period - Mikael Backlund wins face-off versus Erik Haula in SAN FRANCISCO SPIDERS zone.
1:53 of 3rd period - Shot by Matthew Tkachuk.
1:53 of 3rd period - Goal by Matthew Tkachuk - SAN FRANCISCO SPIDERS : 1 - SPOKANE KNIGHTS : 7.
1:54 of 3rd period - Matthew Tkachuk wins face-off versus Tomas Plekanec in neutral zone.
2:45 of 3rd period - Patrick Kane is hit by Tyler Wotherspoon and loses puck.
3:03 of 3rd period - Blake Wheeler is hit by Tyler Wotherspoon.
3:15 of 3rd period - Icing by Gabriel Bourque.
3:16 of 3rd period - Phillip Danault wins face-off versus Tomas Plekanec in SAN FRANCISCO SPIDERS zone.
3:23 of 3rd period - Shot by Phillip Danault.
3:23 of 3rd period - Shot Misses the Net.
3:25 of 3rd period - Shot by Vincent Trocheck.
3:25 of 3rd period - Deflect By Alex Tuch.
3:25 of 3rd period - Shot Misses the Net.
4:01 of 3rd period - Shot by Vincent Trocheck.
4:01 of 3rd period - Shot Misses the Net.
4:26 of 3rd period - Blake Wheeler is hit by Tyler Wotherspoon and loses puck.
5:38 of 3rd period - Icing by Sean Walker.
5:39 of 3rd period - Tomas Plekanec wins face-off versus Phillip Danault in SAN FRANCISCO SPIDERS zone.
5:39 of 3rd period - Tomas Plekanec is hit by Vincent Trocheck.
6:43 of 3rd period - Shot by Patrick Kane.
6:43 of 3rd period - Stopped by Jimmy Howard without a rebound.
6:44 of 3rd period - Mikael Backlund wins face-off versus Danton Heinen in SAN FRANCISCO SPIDERS zone.
8:31 of 3rd period - Shot by Blake Wheeler.
8:31 of 3rd period - Shot Blocked by Danton Heinen.
8:33 of 3rd period - Shot by Sebastian Aho.
8:33 of 3rd period - Shot Misses the Net.
8:35 of 3rd period - Shot by Sebastian Aho.
8:35 of 3rd period - Shot Misses the Net.
8:37 of 3rd period - Shot by Tomas Hertl.
8:37 of 3rd period - Shot Misses the Net.
8:43 of 3rd period - Shot by Sebastian Aho.
8:43 of 3rd period - Shot Misses the Net.
9:04 of 3rd period - Icing by Zdeno Chara.
9:05 of 3rd period - Phillip Danault wins face-off versus Erik Haula in SPOKANE KNIGHTS zone.
9:29 of 3rd period - Minor Penalty to Zdeno Chara for Hooking.
9:29 of 3rd period - Double Minor Penalty to Matt Hendricks for Roughing.
9:30 of 3rd period - Calle Jarnkrok wins face-off versus Sebastian Aho in SPOKANE KNIGHTS zone.
9:52 of 3rd period - Icing by Kristopher Letang.
9:53 of 3rd period - Calle Jarnkrok wins face-off versus Sebastian Aho in SPOKANE KNIGHTS zone.
9:58 of 3rd period - Shot by Calle Jarnkrok.
9:58 of 3rd period - Shot Blocked by Kristopher Letang.
10:06 of 3rd period - Calle Jarnkrok is hit by Tomas Hertl and loses puck.
10:16 of 3rd period - Icing by Sven Andrighetto.
10:17 of 3rd period - Phillip Danault wins face-off versus Calle Jarnkrok in SAN FRANCISCO SPIDERS zone.
11:02 of 3rd period - Shot by Phillip Danault.
11:02 of 3rd period - Deflect By Blake Wheeler.
11:02 of 3rd period - Stopped by Jimmy Howard with a rebound.
11:19 of 3rd period - Icing by Andrei Svechnikov.
11:20 of 3rd period - Sebastian Aho wins face-off versus Erik Haula in SAN FRANCISCO SPIDERS zone.
11:45 of 3rd period - Shot by Mikael Backlund.
11:45 of 3rd period - Shot Blocked by Danton Heinen.
12:28 of 3rd period - Milan Lucic is hit by Blake Wheeler and loses puck.
12:35 of 3rd period - Shot by Sebastian Aho.
12:35 of 3rd period - Shot Misses the Net.
13:40 of 3rd period - Shot by Erik Haula.
13:40 of 3rd period - Shot Misses the Net.
14:39 of 3rd period - Shot by Milan Lucic.
14:39 of 3rd period - Deflect By Danton Heinen.
14:39 of 3rd period - Stopped by Braden Holtby with a rebound.
15:19 of 3rd period - Alex Tuch is hit by Milan Lucic and loses puck.
16:01 of 3rd period - Shot by Blake Wheeler.
16:01 of 3rd period - Stopped by Jimmy Howard with a rebound.
16:03 of 3rd period - Shot by Sebastian Aho.
16:03 of 3rd period - Stopped by Jimmy Howard without a rebound.
16:04 of 3rd period - Sebastian Aho wins face-off versus Sven Andrighetto in SAN FRANCISCO SPIDERS zone.
16:04 of 3rd period - Sebastian Aho is hit by Seth Helgeson.
16:09 of 3rd period - Tomas Hertl is hit by Seth Helgeson and loses puck.
16:19 of 3rd period - Sebastian Aho is hit by Seth Helgeson and loses puck.
16:26 of 3rd period - Shot by Sebastian Aho.
16:26 of 3rd period - Shot Misses the Net.
16:28 of 3rd period - Shot by Tomas Hertl.
16:28 of 3rd period - Shot Blocked by Chad Krys.
16:30 of 3rd period - Shot by Sebastian Aho.
16:30 of 3rd period - Stopped by Jimmy Howard without a rebound.
16:31 of 3rd period - Tomas Plekanec wins face-off versus Mikael Backlund in SAN FRANCISCO SPIDERS zone.
16:59 of 3rd period - Off-side.
17:00 of 3rd period - Erik Haula wins face-off versus Vincent Trocheck in neutral zone.
17:35 of 3rd period - Off-side.
17:36 of 3rd period - Sven Andrighetto wins face-off versus Sebastian Aho in neutral zone.
17:41 of 3rd period - Shot by Josh Leivo.
17:41 of 3rd period - Shot Blocked by Kristopher Letang.
17:48 of 3rd period - Tomas Hertl is hit by Mark Alt and loses puck.
17:53 of 3rd period - Shot by Sebastian Aho.
17:53 of 3rd period - Stopped by Jimmy Howard without a rebound.
17:54 of 3rd period - Tomas Plekanec wins face-off versus Mikael Backlund in SAN FRANCISCO SPIDERS zone.
18:27 of 3rd period - Shot by Patrick Kane.
18:27 of 3rd period - Shot Hit the Post.
18:35 of 3rd period - Shot by Patrick Kane.
18:35 of 3rd period - Stopped by Jimmy Howard without a rebound.
18:36 of 3rd period - Sebastian Aho wins face-off versus Sven Andrighetto in SAN FRANCISCO SPIDERS zone.
18:38 of 3rd period - Minor Penalty to Seth Helgeson for Roughing.
18:39 of 3rd period - Sebastian Aho wins face-off versus Calle Jarnkrok in SAN FRANCISCO SPIDERS zone.
18:55 of 3rd period - Shot by Sebastian Aho.
18:55 of 3rd period - Shot Misses the Net.
18:57 of 3rd period - Shot by Sebastian Aho.
18:57 of 3rd period - Goal by Sebastian Aho - SAN FRANCISCO SPIDERS : 1 - SPOKANE KNIGHTS : 8.
18:58 of 3rd period - Phillip Danault wins face-off versus Erik Haula in neutral zone.
19:17 of 3rd period - Shot by Vincent Trocheck.
19:17 of 3rd period - Shot Blocked by Dominik Simon.
19:19 of 3rd period - Shot by Vincent Trocheck.
19:19 of 3rd period - Shot Misses the Net.
19:54 of 3rd period - Icing by Sean Walker.
19:55 of 3rd period - Sebastian Aho wins face-off versus Erik Haula in SAN FRANCISCO SPIDERS zone.
Goals for this period are 0 for SAN FRANCISCO SPIDERS vs 3 for SPOKANE KNIGHTS.
Shots for this period are 1 for SAN FRANCISCO SPIDERS vs 13 for SPOKANE KNIGHTS.


DARCY
KUEMPER
JAKE
OETTINGER
NINO
NIEDERREITER

EAST COAST

HOCKEY LEAGUE

  • 1.CHI2QUE4
  • 2.LIM2CHA3
  • 3.LON3TRV5
  • 4.BAL5CHW6
  • 5.MANPIT
  • 6.NHWATL
  • 7.PETWOR
  • 8.RHI